AoeStats
← Carple

African Clearing

504368229Analyzed
4v4 RM · 28d ago on Sep 5, 2026· 45m 21s· 8 players
Game mode
Random Map
Map size
Large (8 player)
Population
200
Speed
Normal
Resources
Standard
Victory
Conquest
Starting age
Dark Age
Ending age
Imperial Age
RankedLock teamsTeams togetherTeam positionsShared explorationLock speedFull tech treeHidden civsTurbo modeCheats
Victory
Defeat
🇨🇦 Spanish · Canada
983
+17
🇧🇷 Mongols · Brazil
982
+17
🇲🇽 Dravidians · Mexico
981
+17
🇺🇸 Maya · United States
949
+18
🇫🇷 Armenians · France
1020
-18
🇫🇷 Spanish · France
1018
-17
🇨🇱 Teutons · Chile
1011
-18
🇦🇷 Franks · Argentina
961
-16
Carple
4:22 Loom
12:49 Feudal Age
13:33 Double-Bit Axe
19:20 Castle Age
18:24 Forging
18:15 Padded Archer Armor
18:16 Stone Mining
19:07 Bloodlines
20:41 Husbandry
20:39 Gold Mining
24:14 Horse Collar
35:51 Imperial Age
33:59 Town Watch
35:00 Scale Barding Armor
35:54 Heavy Plow
37:02 Wheelbarrow
36:43 Cavalier
38:01 Conscription
38:56 Chain Barding Armor
40:28 Bow Saw
41:57 Iron Casting
43:48 Blast Furnace
43:24 Plate Barding Armor
thatboybevo
7:27 Loom
13:37 Feudal Age
14:09 Double-Bit Axe
21:21 Castle Age
22:11 Thumb Ring
22:25 Stone Mining
22:30 Crossbowman
24:34 Padded Archer Armor
24:32 Fletching
25:44 Bow Saw
28:24 Squires
34:36 Imperial Age
33:25 Thumb Ring
34:37 Bodkin Arrow
34:58 Leather Archer Armor
35:14 Leather Archer Armor
36:50 Wheelbarrow
37:56 Arbalester
39:37 Horse Collar
41:34 Conscription
Starcrazy360
14:30 Feudal Age
15:01 Double-Bit Axe
19:45 Castle Age
24:03 Bow Saw
23:38 Horse Collar
30:23 Wheelbarrow
30:42 Heavy Plow
34:51 Imperial Age
33:30 Forging
33:25 Scale Barding Armor
34:57 Iron Casting
34:39 Hand Cart
35:34 Chain Barding Armor
35:20 Husbandry
35:56 Conscription
36:43 Wootz Steel
37:31 Blast Furnace
39:50 Medical Corps
Jobão
4:38 Loom
12:29 Feudal Age
14:14 Double-Bit Axe
18:46 Horse Collar
24:42 Castle Age
25:23 Stone Mining
25:24 Gold Mining
25:46 Bow Saw
25:38 Heavy Plow
33:29 Wheelbarrow
34:44 Husbandry
36:09 Hand Cart
35:41 Town Watch
36:11 Fletching
36:21 Padded Archer Armor
40:32 Imperial Age
39:07 Nomads
40:56 Bodkin Arrow
41:17 Leather Archer Armor
40:53 Cavalier
41:11 Elite Mangudai
41:48 Bodkin Arrow
42:00 Scale Barding Armor
42:11 Leather Archer Armor
45:32 Chain Barding Armor
45:23 Forging
45:13 Bracer
45:19 Bracer
46:35 Stone Shaft Mining
46:35 Gold Shaft Mining
Patrador
14:55 Feudal Age
20:38 Castle Age
21:46 Loom
26:30 Double-Bit Axe
27:16 Horse Collar
32:42 Wheelbarrow
31:55 Town Watch
32:38 Man-at-Arms
33:06 Gambesons
34:01 Bow Saw
34:24 Forging
34:26 Heavy Plow
35:02 Scale Mail Armor
35:12 Squires
35:12 Long Swordsman
36:53 Iron Casting
36:33 Chain Mail Armor
36:38 Two-Handed Swordsman
39:23 Town Patrol
39:41 Hand Cart
43:20 Imperial Age
40:59 Arson
41:23 Gold Mining
41:20 Champion
Larvabot
14:23 Feudal Age
22:36 Castle Age
30:41 Forging
30:41 Squires
31:41 Scale Mail Armor
32:47 Arson
33:30 Chain Mail Armor
36:05 Horse Collar
36:15 Double-Bit Axe
38:51 Iron Casting
39:39 Wheelbarrow
Dishito
5:21 Loom
5:44 Loom
14:21 Feudal Age
17:33 Double-Bit Axe
18:54 Town Watch
18:59 Town Watch
23:48 Castle Age
25:01 Forging
XenFuu
13:46 Feudal Age
16:14 Loom
20:12 Castle Age
18:20 Fletching
21:21 Double-Bit Axe
24:15 Bow Saw
26:36 Horse Collar
28:17 Bodkin Arrow
28:22 Padded Archer Armor
30:07 Elite Skirmisher
34:50 Imperial Age
33:43 Leather Archer Armor
36:36 Wheelbarrow
37:27 Ballistics
38:08 Chemistry
41:05 Conscription
41:02 Heavy Plow
42:01 Ring Archer Armor
41:32 Bracer
42:30 Pikeman
43:10 Squires
42:56 Gambesons
43:25 Arson
43:12 Halberdier
Connection lost

Rejoining the realm…

Still unreachable

The connection could not be restored.

Session expired

The server has moved on; the page needs a fresh start.